 Dungeon Crawl Stone Soup version 0.20.1-1-g8b1a95d (webtiles) character file.

1325 Kingsmith the Magician (level 8, -1/52 HPs)
             Began as a Mummy Conjurer on Dec 7, 2017.
             Was an Initiate of Vehumet.
             Shot with an arrow by a centaur (11 damage)
             ... on level 5 of the Dungeon.
             The game lasted 00:14:54 (11512 turns).

Kingsmith the Magician (Mummy Conjurer)            Turns: 11512, Time: 00:14:55

Health: -1/52      AC:  3    Str: 12    XL:     8   Next: 34%
Magic:  17/17      EV: 12    Int: 16    God:    Vehumet [......]
Gold:   195        SH:  0    Dex: 12    Spells: 1/19 levels left

rFire    x . .     SeeInvis .   k - +2 trident (venom)
rCold    + . .     Gourm    .   (no shield)
rNeg     + + +     Faith    .   a - +0 robe
rPois    ∞         Spirit   .   (no helmet)
rElec    .         Reflect  .   p - +0 cloak
rCorr    .         Harm     .   (no gloves)
MR       +....                  (no boots)
Stlth    ++........             (no amulet)
Regen    0.2/turn               (no ring)
MPRegen  0.2/turn               (no ring)

@: no status effects
A: no food or potions, fire vulnerability, cold resistance 1, negative energy
resistance 3, torment resistance, unbreathing
a: Renounce Religion


You were on level 5 of the Dungeon.
You worshipped Vehumet.
Vehumet was noncommittal.
You were not hungry.

You visited 2 branches of the dungeon, and saw 6 of its levels.

You collected 195 gold pieces.

Inventory:

Hand Weapons
 k - a +2 trident of venom (weapon)
Armour
 a - a +0 robe (worn)
 p - a +0 cloak (worn)
Wands
 l - a wand of polymorph (13/24)
Scrolls
 c - 11 scrolls of identify {unknown}
 d - 2 scrolls of immolation {unknown}
 e - a scroll of fog {unknown}
 f - 2 scrolls of recharging {unknown}
 g - a scroll of blinking {unknown}
 h - a scroll of magic mapping {unknown}
 i - a scroll of random uselessness {unknown}
 j - a scroll of enchant weapon {unknown}
 n - 3 scrolls of remove curse {unknown}
 o - a scroll of enchant armour {unknown}
Books
 b - a book of Conjurations

   Spells                             Type                      Level
   a - Magic Dart                     Conjuration                  1
   b - Searing Ray                    Conjuration                  2
   c - Dazzling Spray                 Conjuration/Hexes            3
   d - Fulminant Prism                Conjuration/Hexes            4
   e - Force Lance                    Conjuration/Translocation    4
   f - Iskenderun's Mystic Blast      Conjuration                  4
 m - a book of Misfortune

   Spells                             Type                      Level
   a - Confusing Touch                Hexes                        1
   b - Confuse                        Hexes                        3
   c - Gell's Gravitas                Translocation                3
   d - Petrify                        Transmutation/Earth          4
   e - Metabolic Englaciation         Hexes/Ice                    5
   f - Yara's Violent Unravelling     Hexes/Transmutation          5


   Skills:
 - Level 1.5 Dodging
 - Level 1.5 Stealth
 - Level 6.1 Spellcasting
 - Level 6.1 Conjurations
 + Level 4.1 Hexes
 + Level 3.5 Translocations


You had one spell level left.
You knew the following spells:

 Your Spells              Type           Power        Failure   Level  Hunger
a - Magic Dart            Conj           ###.         1%          1    N/A
b - Searing Ray           Conj           ###...       1%          2    N/A
c - Dazzling Spray        Conj/Hex       ###...       4%          3    N/A
d - Force Lance           Conj/Tloc      ###.....     19%         4    N/A
e - Iskenderun's Mystic   Conj           ###.....     11%         4    N/A
f - Fulminant Prism       Conj/Hex       ###.......   16%         4    N/A

Dungeon Overview and Level Annotations

Branches:
Dungeon (5/15)             Temple (1/1) D:4

Altars:
Cheibriados
Dithmenos
Elyvilon
Fedhas
Gozag
Hepliaklqana
Kikubaaqudgha
Makhleb
Nemelex Xobeh
Okawaru
Qazlal
Ru
Trog
Uskayaw
Vehumet
Yredelemnul
Zin
The Shining One

Annotations:
D:5 Anon1729's ghost, novice BaFE; Blork the orc


Innate Abilities, Weirdness & Mutations

You do not eat or drink.
Your flesh is vulnerable to fire.
You are immune to poison.
Your flesh is cold resistant. (rC+)
You are immune to negative energy. (rN+++)
You are immune to unholy pain and torment.
You can survive without breathing.


Message History

a whip; a robe; a halberd; a gnoll corpse
There is a stone staircase leading up here.
Items here: )) [ † a whip; a robe; a halberd; a gnoll corpse The centaur shoots an arrow.
The arrow hits you.
The centaur shoots an arrow.
The arrow hits you!
Things that are here:
2 arrows; a spear
Casting: Searing Ray
Confirm with . or Enter, or press ? or * to list all spells.
You can't see any susceptible monsters within range! (Use Z to cast anyway.)
The centaur shoots an arrow.
The arrow hits you!
You see here an arrow.
Casting: Searing Ray
Confirm with . or Enter, or press ? or * to list all spells.
You can't see any susceptible monsters within range! (Use Z to cast anyway.)
The centaur shoots an arrow.
The arrow hits you!
* * * LOW HITPOINT WARNING * * *
The centaur shoots an arrow.
The arrow hits you!
You die...

... ....#'# #.........#
.##.#.#.#.#.# #.........#
......#.#.#.####.........#
....#>.........'.........+ ..
#.....#.....# #.....<...# ..
#..........# #....)....### .#.
#..........#####.....c..)..###.#.
#..........)).((..(.....†........
#..........<##..@#####...........
#..........###...# #..........#
#..........# #...# #..........#
######...### ##### #..........#
#..[# #..........# ......
......####### ....... .......#
........ .......# ..?....
.......[.


You could see a centaur.

Vanquished Creatures
  Grinder (D:4)
  Menkaure (D:4)
  A phantom (D:5)
  2 ogres (D:4)
  A bullfrog (D:5)
  A hound (D:4)
  A crimson imp (D:4)
  5 orc priests
  4 orc wizards
  A jelly (D:4)
  A gnoll shaman (D:5)
  3 worker ants (D:4)
  A hound zombie (D:5)
  6 gnolls
  6 adders
  An ooze (D:4)
  2 adder skeletons (D:4)
  A worm (D:5)
  The ghost of letownia2 the Grave Robber, a weakling DDNe (D:4)
  2 dart slugs (D:1)
  2 leopard geckos
  18 orcs
  2 giant cockroaches
  3 goblins
  6 hobgoblins
  8 jackals
  7 kobolds
  A quokka (D:4)
  A ball python (D:2)
  8 bats
  5 frilled lizards
  A jackal skeleton (D:4)
  A quokka zombie (D:4)
  5 rats
110 creatures vanquished.

Notes
Turn   | Place    | Note
-------+----------+-------------------------------------------
     0 | D:1      | Kingsmith the Mummy Conjurer began the quest for the Orb.
     0 | D:1      | Reached XP level 1. HP: 13/13 MP: 4/4
   301 | D:1      | Reached XP level 2. HP: 14/19 MP: 0/5
   369 | D:1      | Learned a level 2 spell: Searing Ray
  4624 | D:2      | Found an iron altar of Okawaru.
  4678 | D:2      | Reached XP level 3. HP: 24/24 MP: 1/7
  4797 | D:2      | Found a hide-covered altar of Uskayaw.
  5381 | D:2      | Reached XP level 4. HP: 28/30 MP: 4/8
  5694 | D:3      | Found a faded altar of an unknown god.
  6032 | D:3      | Reached skill level 5 in Conjurations
  6277 | D:3      | Learned a level 3 spell: Dazzling Spray
  7787 | D:3      | Reached XP level 5. HP: 35/35 MP: 6/9
  7805 | D:3      | Learned a level 4 spell: Force Lance
  7808 | D:4      | Noticed letownia2's ghost (weakling DDNe)
  7811 | D:4      | Killed letownia2's ghost
  7897 | D:4      | Noticed Grinder
  7911 | D:4      | Killed Grinder
  7911 | D:4      | Reached skill level 5 in Spellcasting
  7911 | D:4      | Reached XP level 6. HP: 29/41 MP: 4/14
  7920 | D:4      | Learned a level 4 spell: Iskenderun's Mystic Blast
  7999 | D:4      | Noticed Menkaure
  8415 | D:4      | Killed Menkaure
  8415 | D:4      | Reached XP level 7. HP: 4/46 MP: 11/16
  8694 | D:4      | Learned a level 4 spell: Fulminant Prism
  8711 | D:4      | Reached skill level 1 in Hexes
  8711 | D:4      | Reached skill level 1 in Translocations
  9117 | D:4      | Found a staircase to the Ecumenical Temple.
  9146 | D:5      | Entered Level 5 of the Dungeon
  9870 | D:5      | Noticed Anon1729's ghost (novice BaFE)
  9870 | D:5      | Noticed Blork the orc
  9898 | D:4      | Reached XP level 8. HP: 36/52 MP: 6/17
  9931 | Temple   | Entered the Ecumenical Temple
 10073 | Temple   | Became a worshipper of Vehumet
 11512 | D:5      | Shot with an arrow by a centaur

Skill      XL: |  1  2  3  4  5  6  7  8 |
---------------+-------------------------+-----
Conjurations   | 4 5 6 |  6.1
Spellcasting   | 3 5 6 |  6.1
Hexes          | 3 4 |  4.1
Translocations | 2 3 |  3.5
Dodging        | |  1.5
Stealth        | |  1.5

Action                   |  1- 3 |  4- 6 |  7- 9 || total
-------------------------+-------+-------+-------++-------
Melee: Unarmed           |    16 |    14 |       ||    30
       Trident           |       |    22 |    21 ||    43
       Club              |       |     6 |       ||     6
 Cast: Magic Dart        |    62 |    31 |    52 ||   145
       Searing Ray       |     2 |    13 |    27 ||    42
       Dazzling Spray    |       |     1 |     9 ||    10
       Force Lance       |       |       |     1 ||     1
 Stab: Sleeping          |       |     2 |       ||     2
Armor: Robe              |    17 |    14 |     9 ||    40
Dodge: Dodged            |    29 |    58 |    52 ||   139
